 Dungeon Crawl Stone Soup version 0.31-a0-267-g3fc6992b3b (webtiles) character file.

Game seed: 12831571447180408368

431 Essalna the Trooper (level 6, -1/52 HPs)
             Began as a Draconian Shapeshifter on July 14, 2023.
             Was an Initiate of Qazlal.
             Succumbed to paps's ghost's poison
             ... on level 4 of the Dungeon.
             The game lasted 00:06:11 (3556 turns).

Essalna the Trooper (Draconian Shapeshifter)        Turns: 3556, Time: 00:06:11

Health: -1/52      AC:  6    Str: 19    XL:     6   Next: 67%
Magic:  6/6        EV: 17    Int:  9    God:    Qazlal [......]
Gold:   320        SH:  0    Dex: 11    Spells: 5/5 levels left

rFire   . .          .
                       - Unarmed
rCold   + . .        (no shield)
rNeg    . . .        (body armour unavailable)
rPois   .            (helmet currently unavailable)
rElec   .            (cloak currently unavailable)
rCorr   .            (gloves currently unavailable)
SInv    .            (boots currently unavailable)
Will    .....        (no amulet)
Stlth   +            g - +5 ring of evasion
HPRegen 0.28/turn    i - ring of protection from cold
MPRegen 0.10/turn

%: no passive effects
@: mighty, lethally poisoned (-1 -> -16), beast-form
A: beast (slay +2), AC +6, unfitting armour, cold-blooded
a: Begin Untransformation, Renounce Religion


You were on level 4 of the Dungeon.
You worshipped Qazlal.
Qazlal was noncommittal.
You were a hulking beast.
You visited 2 branches of the dungeon, and saw 5 of its levels.

You collected 320 gold pieces.

Inventory:

Armour
 s - a +0 buckler
Jewellery
 g - a +5 ring of evasion (left hand)
 i - a ring of protection from cold (right hand)
 r - an amulet of faith
Talismans
 b - a beast talisman
 c - a granite talisman
Scrolls
 a - a scroll of enchant weapon {unknown}
 j - a scroll of fog {unknown}
 k - a scroll of teleportation {unknown}
 n - a scroll of immolation {unknown}
 o - a scroll of blinking
 p - a scroll of identify
 q - a scroll of fear {unknown}
Potions
 d - 2 potions of might
 e - a potion of brilliance {unknown}
 f - 3 potions of haste {unknown}
 h - a potion of mutation {unknown}
 l - 3 potions of curing {unknown}
 m - a potion of heal wounds {unknown}


   Skills:
 + Level 4.3 Fighting
 + Level 3.5 Dodging
 + Level 4.0 Unarmed Combat
 + Level 4.1 Shapeshifting


You had 5 spell levels left.
You didn't know any spells.
Your spell library was empty.

Dungeon Overview and Level Annotations

Branches:
Dungeon (4/15)             Temple (1/1) D:4

Altars:
Ashenzari
Cheibriados
Elyvilon
Gozag
Makhleb
Okawaru
Qazlal
Ru
Xom
Yredelemnul

Annotations:
D:4 paps's ghost, novice DESu


Innate Abilities, Weirdness & Mutations

You are a hulking beast.
Your limbs bulge with bestial killing power. (Slay +2)
Your plain brown scales are hard. (AC +6)
You cannot fit into any form of body armour.
You are cold-blooded and may be slowed by cold attacks.


Message History

Paps's ghost is heavily damaged.
You feel very sick. The bat barely misses you. The quokka closely misses you.
The river rat bites you.
Paps's ghost hits you but does no damage.
You are more poisoned.
You hit paps's ghost.
Your tail-slap misses paps's ghost.
Paps's ghost is severely damaged.
You feel very sick. The bat closely misses you. The bat barely misses you.
The bat closely misses you. The quokka misses you. The river rat bites you.
Paps's ghost hits you.
You are more poisoned.
You hit paps's ghost. Your punch misses paps's ghost.
Paps's ghost is severely damaged.
You feel very sick. The bat hits you but does no damage.
The bat closely misses you. The bat completely misses you.
The quokka barely misses you. The river rat bites you.
* * * LOW HITPOINT WARNING * * *
Paps's ghost hits you but does no damage.
You are more poisoned.
The bat hits you but does no damage.
You feel very mighty all of a sudden.
* * * LOW HITPOINT WARNING * * *
You feel very sick.
The bat misses you. x2; The quokka barely misses you.
The river rat bites you but does no damage.
Paps's ghost completely misses you. The bat misses you. The quokka bites you.
* * * LOW HITPOINT WARNING * * *
You punch paps's ghost!
Paps's ghost is almost destroyed.
* * * LOW HITPOINT WARNING * * *
You feel very sick. The bat closely misses you.
The bat hits you but does no damage. x2
The river rat misses you. Paps's ghost closely misses you.
The quokka bites you but does no damage.
You barely miss paps's ghost.
Paps's ghost is almost destroyed.
You die...

♣~~~.~~~~##.##### #.#..#.##.##
~P~~.~~~♣#...# #.#.........
P~~~.~~~~#...# ####.##......##
♣~~~.~~~P#...# #.......#......
#♣~~.~~~~#...######.##.#..#......
##~P.~~~..).).[..##.##.#..#......
...♣.~~......####.........#......
.............#.r#r..####..##.....
...#...###...#8Whb..#.....##.....
..###### #...#.b#.........##.....
..# ###...#####.##.##.########
..# #..>......#.......# ..#
#.##.##)#.####.#### ####
########.##.##.#.# #.# #... #..
....#....#.# #.# #... #.#
##..#.##.#.# #.##### #.##
#.####..#......# ##.....####.##


You could see paps's ghost, a river rat (summoned), a quokka (summoned) and 2
bats.

Vanquished Creatures
  A black bear (D:4)
  A phantom (D:4)
  2 howler monkeys (D:4)
  A hound (D:3)
  Natasha (twice) (D:2)
  5 adders
  A worm (D:3)
  4 dart slugs
  8 bats
  4 endoplasms
  A giant cockroach (D:4)
  4 goblins
  6 hobgoblins
  5 quokkas
  6 ball pythons
  3 frilled lizards
  12 kobolds
  5 rats
71 creatures vanquished.

Notes
Turn   | Place    | Note
-------+----------+-------------------------------------------
     0 | D:1      | Essalna the Draconian Shapeshifter began the quest for the
                  | Orb.
     0 | D:1      | Reached XP level 1. HP: 17/17 MP: 1/1
   265 | D:1      | Reached XP level 2. HP: 25/25 MP: 2/2
   852 | D:2      | Reached XP level 3. HP: 30/30 MP: 3/3
   971 | D:2      | Identified the +0 leather armour of the Arcadian God {rN+++
                  | rCorr Slay+2 Stlth-}
  1474 | D:2      | Noticed Natasha
  1480 | D:2      | Killed Natasha
  1481 | D:2      | Reached XP level 4. HP: 38/38 MP: 4/4
  1650 | D:2      | Noticed Natasha
  1657 | D:2      | Killed Natasha
  2366 | D:3      | Reached XP level 5. HP: 43/45 MP: 5/5
  2963 | D:4      | Noticed a phantom
  2978 | D:4      | Killed a phantom
  2983 | D:4      | Reached XP level 6. HP: 15/52 MP: 6/6
  3318 | D:4      | Found a staircase to the Ecumenical Temple.
  3357 | Temple   | Entered the Ecumenical Temple
  3364 | Temple   | Became a worshipper of Qazlal Stormbringer
  3511 | D:4      | Found a runed translucent door.
  3511 | D:4      | Noticed paps's ghost (novice DESu)
  3556 | D:4      | Succumbed to paps's ghost's poison

Illustrated notes

Levels and vault maps discovered:
D:1:      lordsloth_arrival_two_stooges, layout_basic
D:2:      layout_basic, uniq_natasha
D:3:      layout_loops_corners
D:4:      layout_loops_cross, minmay_temple_entry_hall, gammafunk_ghost_grave,
          serial_bayou_lagoon_b
Temple:   hellmonk_temple_micro_hex

Skill      XL: |  1  2  3  4  5  6 |
---------------+-------------------+-----
Dodging        | 2 3 |  3.5
Fighting       | 3 4 |  4.3
Unarmed Combat | 3 4 |  4.0
Shapeshifting  | 4 |  4.1

Action                     |  1- 3 |  4- 6 || total
---------------------------+-------+-------++-------
  Melee: Unarmed           |   110 |    95 ||   205
         Tailslap          |    10 |     8 ||    18
         Punch             |     2 |     2 ||     4
    Use: Scroll            |     5 |       ||     5
         Potion            |       |     3 ||     3
   Stab: Sleeping          |       |     2 ||     2
 Armour: Skin              |    27 |    46 ||    73
  Dodge: Dodged            |    79 |    89 ||   168

Table legend: (Time is in decaauts)
 A = Elapsed time spent in this place.
 B = Non-inter-level travel time spent in this place.
 C = Inter-level travel time spent in this place.
 D = Time resting spent in this place.
 E = Time spent auto-exploring this place.
 F = Levels seen in this place.
 G = Mean time per level.
                   A        B        C        D        E       F      G
               +--------+--------+--------+--------+--------+-----+--------+
         Total |   3560 |   3425 |    135 |      0 |   2885 |   5 |  712.0 |
       Dungeon |   3547 |   3416 |    131 |      0 |   2885 |   4 |  886.8 |
        Temple |     12 |      8 |      4 |      0 |      0 |   1 |   12.0 |
               +--------+--------+--------+--------+--------+-----+--------+

Top non-repeatable levels by time:
     D:2: 1160 daAuts
     D:3: 994 daAuts
     D:1: 777 daAuts
     D:4: 614 daAuts
  Temple: 12 daAuts
